 Dungeon Crawl Stone Soup version 0.18.0-2-g198d6d4 (webtiles) character file.

280 Chiseanne the Magician (level 6, 10/43 HPs)
             Began as a Demonspawn Wizard on May 5, 2016.
             Quit the game in a sewer.
             The game lasted 00:07:48 (4010 turns).

Chiseanne the Magician (Demonspawn Wizard)          Turns: 4010, Time: 00:07:49

Health: 10/43      AC:  5    Str:  8    XL:     6   Next: 5%
Magic:  0/13       EV: 12    Int: 21    God:
Gold:   176        SH:  0    Dex: 11    Spells: 5 memorised, 3 levels left

rFire  . . .     SeeInvis .     s - +2 dagger (elec)
rCold  . . .     Gourm    .     u - +0 robe
rNeg   . . .     Faith    .     (no shield)
rPois  .         Spirit   .     t - +0 helmet
rElec  .         Dismiss  .     (no cloak)
rCorr  .         Reflect  .     (no gloves)
SustAt .         Harm     .     (no boots)
MR     .....                    (no amulet)
Stlth  ++........               (no ring)
                                (no ring)

@: very slightly contaminated, repel missiles, not resistant to hostile
enchantments, unstealthy
A: rugged brown scales 2, demonic guardian 1
a: no special abilities


You were in a sewer.
You were not hungry.

You visited 1 branch of the dungeon, and saw 3 of its levels.
You also visited: Sewer.

You collected 176 gold pieces.

Inventory:

Hand Weapons
 d - a +2 spear of freezing
 s - a +2 dagger of electrocution (weapon)
Missiles
 g - 142 stones (quivered)
 k - 34 arrows
 q - 26 bolts
 r - 14 sling bullets
 w - 3 javelins
Armour
 t - a +0 helmet (worn)
 u - a +0 robe (worn)
Magical Staves
 a - an uncursed staff of air
Jewellery
 e - an uncursed ring of flight {unknown}
 f - a cursed amulet of inaccuracy {unknown}
Scrolls
 l - 3 scrolls of fog
Potions
 b - a potion of degeneration {unknown}
 h - a potion of mutation {unknown}
 p - a potion of brilliance {unknown}
 v - a potion of heal wounds {unknown}
Books
 c - a book of Minor Magic

   Spells                             Type                      Level
   a - Magic Dart                     Conjuration                  1
   b - Blink                          Translocation                2
   c - Call Imp                       Summoning                    2
   d - Repel Missiles                 Charms/Air                   2
   e - Slow                           Hexes                        2
   f - Conjure Flame                  Conjuration/Fire             3
   g - Mephitic Cloud                 Conjuration/Poison/Air       3
Comestibles
 i - 3 fruits
 j - 2 bread rations
 m - a beef jerky
 n - 2 slices of pizza
 x - 3 chunks of flesh


   Skills:
 - Level 1.7 Dodging
 - Level 1.7 Stealth
 * Level 4.9 Spellcasting
 * Level 4.2 Conjurations
   Level 1.0 Summonings
 - Level 0.8 Translocations


You had 3 spell levels left.
You knew the following spells:

 Your Spells              Type           Power        Failure   Level  Hunger
a - Magic Dart            Conj           ###.         1%          1    None
b - Blink                 Tloc           N/A          12%         2    None
c - Repel Missiles        Chrm/Air       #.....       17%         2    None
d - Mephitic Cloud        Conj/Pois/Air  ##......     21%         3    ##.....
e - Conjure Flame         Conj/Fire      ##......     17%         3    ##.....


Dungeon Overview and Level Annotations

Branches:
Dungeon (3/15)

Altars:

Annotations:
D:3 Chiseanne's ghost, amateur DsWz; Natasha


Innate Abilities, Weirdness & Mutations

You are mostly covered in rugged brown scales (AC +2, +5% HP).
A weak demonic guardian rushes to your aid.


Message History

Aim: Purgy You miscast Mephitic Cloud.
You are very lightly contaminated with residual magic.
Wisps of smoke drift from your hands.
Casting: Mephitic Cloud
Confirm with . or Enter, or press ? or * to list all spells.
Aiming: Mephitic Cloud
Press: ? - help, Shift-Dir - straight line, f/p - Purgy
Aim: Purgy The ball explodes into a vile cloud!
The stinking cloud engulfs Purgy.
Purgy is engulfed in noxious fumes.
Purgy appears confused.
Purgy falls into the water!
Purgy drowns.
Your Conjurations skill increases to level 4!
You have reached level 6!
Your experience leads to an increase in your attributes!
Increase (S)trength, (I)ntelligence, or (D)exterity?
You feel clever.
Your demonic ancestry asserts itself...
You feel the presence of a demonic guardian.
Are you sure you want to abandon this character and quit the game? (Confirm with "yes".)

≈≈≈≈≈≈≈≈≈≈≈≈≈###
≈≈≈≈≈≈≈≈≈≈≈≈≈≈≈#
≈≈≈≈≈≈≈≈≈≈≈≈≈≈≈#
≈≈≈≈≈≈≈≈≈≈≈≈≈≈≈##
≈≈≈≈≈≈≈≈≈≈≈≈≈≈≈≈###
≈≈≈≈≈≈≈≈≈≈≈≈≈≈≈≈≈≈##
≈≈≈.≈≈≈≈§≈≈≈≈≈≈≈≈≈≈##
#≈.≈≈§§.≈≈≈≈≈≈≈≈≈#
###≈###@≈≈≈≈≈≈≈≈≈#≈#
#≈ ##.≈≈≈≈≈≈≈≈≈≈≈ #T
##.≈≈≈≈≈≈≈≈≈≈ #.
#.≈≈≈≈≈≈≈≈≈≈# #≈
##.≈≈≈≈≈≈≈≈≈# #≈
##≈≈≈≈≈≈≈≈≈# #.
#≈≈≈≈≈≈≈≈≈#
##≈≈≈≈≈≈≈≈#
#.≈≈≈≈≈≈≈#


There were no monsters in sight!

Vanquished Creatures
  Purgy (Sewer)
  Natasha (D:3)
  A gnoll (D:3)
  4 adders (D:2)
  A river rat (D:3)
  An ooze (D:1)
  2 worms
  5 dart slugs
  4 giant geckos
  An orc (D:3)
  5 ball pythons
  3 giant cockroaches
  7 goblins
  5 hobgoblins
  7 jackals
  12 bats
  4 giant newts
  9 kobolds
  8 rats
81 creatures vanquished.

Notes
Turn   | Place    | Note
--------------------------------------------------------------
     0 | D:1      | Chiseanne the Demonspawn Wizard began the quest for the Orb.
     0 | D:1      | Reached XP level 1. HP: 13/13 MP: 4/4
   656 | D:1      | Gained mutation: You are partially covered in rugged brown scales (AC +1, +3% HP). [demonic ancestry]
   656 | D:1      | Reached XP level 2. HP: 13/19 MP: 0/6
  1185 | D:1      | Reached XP level 3. HP: 24/24 MP: 0/8
  1256 | D:1      | Learned a level 2 spell: Blink
  1259 | D:1      | Learned a level 2 spell: Repel Missiles
  1263 | D:1      | Learned a level 3 spell: Mephitic Cloud
  1887 | D:2      | Gained mutation: You are mostly covered in rugged brown scales (AC +2, +5% HP). [demonic ancestry]
  1887 | D:2      | Reached XP level 4. HP: 20/31 MP: 1/9
  2632 | D:1      | Learned a level 3 spell: Conjure Flame
  3307 | D:3      | Noticed Chiseanne's ghost (amateur DsWz)
  3469 | D:3      | Noticed Natasha
  3476 | D:3      | Killed Natasha
  3476 | D:3      | Reached XP level 5. HP: 27/36 MP: 5/11
  3619 | D:3      | Noticed Natasha
  3832 | D:3      | Found a glowing drain.
  3844 | Sewer    | Entered a sewer
  3974 | Sewer    | Noticed Purgy
  4009 | Sewer    | Killed Purgy
  4009 | Sewer    | Gained mutation: A weak demonic guardian rushes to your aid. [demonic ancestry]
  4009 | Sewer    | Reached XP level 6. HP: 10/43 MP: 0/13
  4010 | Sewer    | Quit the game

Skill      XL: |  1  2  3  4  5 |
---------------+----------------+-----
Conjurations   | 2 3 4 |  4.2
Spellcasting   | 4 |  4.9
Dodging        | |  1.7
Stealth        | |  1.7
Summonings     | |  1.0
Translocations | |  0.8

Action                   |  1- 3 |  4- 6 || total
-------------------------+-------+-------++-------
Melee: Dagger            |     8 |    31 ||    39
       Unarmed           |     2 |       ||     2
       Spear             |    14 |       ||    14
 Cast: Magic Dart        |    78 |    92 ||   170
       Repel Missiles    |     1 |       ||     1
       Mephitic Cloud    |       |     6 ||     6
       Blink             |       |     3 ||     3
       Conjure Flame     |       |     2 ||     2
  Use: Scroll            |     2 |     5 ||     7
  Eat: Chunk             |     3 |     7 ||    10
Armor: Robe              |    13 |    21 ||    34
Dodge: Dodged            |    31 |    45 ||    76
